 Dungeon Crawl Stone Soup version 0.29-a0-857-g9b1aa3ac5b (webtiles) character file.

Game seed: 11182580405696552321

1220 buhh the Trooper (level 8, -4/65 HPs)
             Began as a Demonspawn Gladiator on July 17, 2022.
             Killed from afar by a steam dragon (19 damage)
             ... with a ball of steam
             ... on level 8 of the Dungeon.
             The game lasted 00:09:54 (7538 turns).

buhh the Trooper (Demonspawn Gladiator)             Turns: 7538, Time: 00:09:55

Health: -4/65      AC:  8    Str: 17    XL:     8   Next: 23%
Magic:  8/8        EV: 13    Int: 10    God:
Gold:   211        SH:  6    Dex: 14    Spells: 7/7 levels left

rFire   . . .      SeeInvis .   i - +0 flail
rCold   . . .      Faith    .   (no shield)
rNeg    . . .      Spirit   .   b - +0 leather armour
rPois   .          Reflect  .   s - +1 helmet
rElec   .          Harm     .   t - scarf {shadows}
rCorr   .          Rampage  .   u - +2 pair of gloves
Will    .....                   (no boots)
Stlth   +.........              (no amulet)
HPRegen 0.20/turn               (no ring)
MPRegen 0.11/turn               (no ring)

@: lethally poisoned (-4 -> -17)
A: large bone plates 2, powered by death 3, weakness stinger 1
a: no special abilities


You were on level 8 of the Dungeon.
You visited 1 branch of the dungeon, and saw 7 of its levels.

You collected 211 gold pieces.

Inventory:

Hand Weapons
 i - a +0 flail (weapon)
Missiles
 d - 2 throwing nets (quivered)
 e - 5 javelins
 p - 21 poisoned darts
Armour
 b - a +0 leather armour (worn)
 s - a +1 helmet (worn)
 t - a scarf of shadows (worn)
 u - a +2 pair of gloves (worn)
Wands
 A - a wand of digging (5)
Scrolls
 a - a scroll of identify {!d}
 c - 7 scrolls of teleportation {!d!d}
 g - a scroll of amnesia
 h - a scroll of enchant armour
 k - a scroll of blinking {unknown}
 m - a scroll of magic mapping {unknown}
 n - 2 scrolls of vulnerability
Potions
 f - a potion of flight {unknown}
 j - a potion of ambrosia {unknown}
 l - 2 potions of mutation {unknown}
 o - 2 potions of attraction {unknown}
 q - 2 potions of brilliance {unknown}
 r - 2 potions of cancellation {!q!d}
 w - a potion of heal wounds {!d}
 y - a potion of haste {!q}


   Skills:
 + Level 6.9 Fighting
 + Level 6.6 Maces & Flails
 - Level 2.1 Throwing
 - Level 3.6 Dodging


You had 7 spell levels left.
You didn't know any spells.
Your spell library contained the following spells:

 Spells                   Type           Power      Damage    Failure   Level
 Foxfire                  Conj/Fire      0%         2x1d4     43%         1
 Blink                    Tloc           0%         N/A       56%         2
 Conjure Flame            Conj/Fire      0%         6-21      80%         3
 Inner Flame              Hex/Fire       0%         N/A       80%         3
 Lesser Beckoning         Tloc           0%         N/A       80%         3
 Flame Wave               Conj/Fire      0%         2d4       99%         4
 Manifold Assault         Tloc           0%         N/A       100%        5


Dungeon Overview and Level Annotations

Branches:
Dungeon (8/15) Zot: 26934
 Temple: D:4-7         Lair: D:8-11

Altars:
Yredelemnul

Shops:
D:1 **[*[

Annotations:
D:5 Duvessa
D:8 3 runed translucent doors, exclusion: jelly


Innate Abilities, Weirdness & Mutations

You are mostly covered in large bone plates. (SH +6)
You regenerate a lot of health from kills.
You have a small tail.


Message History

The water moccasin hisses angrily.
The steam dragon closely misses you. The steam dragon claws you.
You thump the steam dragon!
The steam dragon is moderately wounded.
The steam dragon barely misses you. The steam dragon misses you.
You thump the steam dragon!
The steam dragon is heavily wounded.
The steam dragon breathes steam at you. The ball of steam misses you.
You closely miss the steam dragon.
The steam dragon is heavily wounded.
You are engulfed in a cloud of scalding steam.
You block the water moccasin's attack. You block the steam dragon's attack.
The steam dragon claws you but does no damage.
You hit the steam dragon.
You tail-slap the steam dragon, but do no damage.
The steam dragon is severely wounded.
You are engulfed in a cloud of scalding steam.
You block the water moccasin's attack. The steam dragon bites you!
The steam dragon claws you but does no damage.
You hit the steam dragon but do no damage.
The steam dragon is severely wounded.
You are engulfed in a cloud of scalding steam.
The water moccasin bites you. The water moccasin misses you.
You block the steam dragon's attack. The steam dragon claws you.
You hit the steam dragon.
Your tail-slap misses the steam dragon.
The steam dragon is almost dead.
You are engulfed in a cloud of scalding steam.
The water moccasin bites you.
You are poisoned.
The water moccasin poisons you! You block the steam dragon's attack. x2
You hit the steam dragon.
The steam dragon is almost dead.
You are engulfed in a cloud of scalding steam.
* * * LOW HITPOINT WARNING * * *
You feel very sick. The water moccasin barely misses you.
The steam dragon breathes steam at you. The ball of steam hits you!!
You die...

#...##. ##....#.
..........#
#.....#.
..........#
#.###...
..........# #.#
###. #.........#
#.# #. #.........#
##.# #. #....S...#
###..# #.
#...D@..## #...##
##
##.......###.###
#...........#
#....###...######.
##................
#.#...###.#######
[....# #..##
.#...#####..##
.............#


You could see a steam dragon (catching breath) and a water moccasin.

Vanquished Creatures
  Grinder (D:6)
  An ice beast (D:6)
  A centaur (D:6)
  A phantom (D:6)
  A bullfrog (D:6)
  3 scorpions (D:5)
  2 jellies
  2 howler monkeys
  A hound (D:4)
  2 orc priests
  2 iguanas (D:4)
  2 orc wizards (D:6)
  6 adders
  5 gnolls
  2 ufetubi
  A worm (D:2)
  2 dart slugs
  8 orcs
  3 ball pythons
  5 endoplasms
  5 giant cockroaches
  9 goblins
  3 hobgoblins
  3 jackals (D:2)
  9 kobolds
  2 quokkas (D:3)
  6 bats
  4 frilled lizards
  10 rats
  A spectral orc (D:3)
103 creatures vanquished.

Vanquished Creatures (others)
  7 plants (D:2)
  7 withered plants (D:2)
14 creatures vanquished.

Grand Total: 117 creatures vanquished

Notes
Turn   | Place    | Note
-------+----------+-------------------------------------------
     0 | D:1      | buhh the Demonspawn Gladiator began the quest for the Orb.
     0 | D:1      | Reached XP level 1. HP: 16/16 MP: 1/1
   307 | D:1      | Found Piwoim's General Store.
   314 | D:1      | Gained mutation: You regenerate a little health from kills.
                  | [demonic ancestry]
   314 | D:1      | Reached XP level 2. HP: 10/22 MP: 2/2
   597 | D:1      | Found Qorhocso's Antique Armour Emporium.
   887 | D:1      | Found Mifag's Antique Armour Boutique.
  1093 | D:1      | Found Kongal's General Store.
  1152 | D:1      | Found Onodet's Assorted Antiques.
  1275 | D:1      | Reached XP level 3. HP: 26/28 MP: 3/3
  1773 | D:2      | Found a faded altar of an unknown god.
  2470 | D:3      | Found a basalt altar of Yredelemnul.
  2478 | D:3      | Gained mutation: You regenerate health from kills. [demonic
                  | ancestry]
  2478 | D:3      | Reached XP level 4. HP: 34/34 MP: 4/4
  3634 | D:4      | Gained mutation: You regenerate a lot of health from kills.
                  | [demonic ancestry]
  3634 | D:4      | Reached XP level 5. HP: 40/41 MP: 5/5
  5239 | D:5      | Entered Level 5 of the Dungeon
  5247 | D:5      | Noticed Duvessa
  5437 | D:4      | Gained mutation: You have a small tail. [demonic ancestry]
  5437 | D:4      | Reached XP level 6. HP: 23/48 MP: 6/6
  6523 | D:5      | Reached skill level 5 in Fighting
  6523 | D:5      | Reached skill level 5 in Maces & Flails
  6523 | D:5      | Gained mutation: You are partially covered in large bone
                  | plates. (SH +4) [demonic ancestry]
  6523 | D:5      | Reached XP level 7. HP: 34/56 MP: 7/7
  7130 | D:6      | Noticed Grinder
  7197 | D:6      | Killed Grinder
  7198 | D:6      | Gained mutation: You are mostly covered in large bone
                  | plates. (SH +6) [demonic ancestry]
  7198 | D:6      | Reached XP level 8. HP: 48/65 MP: 8/8
  7474 | D:6      | You fall into a shaft and drop 2 floors!
  7514 | D:8      | Found a runed translucent gate.
  7515 | D:8      | Found a runed translucent gate.
  7515 | D:8      | Found a runed translucent gate.
  7515 | D:8      | Noticed a slime creature
  7538 | D:8      | Killed from afar by a steam dragon

Illustrated notes

Levels and vault maps discovered:
D:1:      elethiomel_arrival_diamonds, layout_basic, serial_shops, shop,
          nicolae_diamond_shop, shop, shop, shop
D:2:      layout_loops_cross, shapermc_ecumenical_altar_flowoftime, basic_altar
D:3:      layout_basic, yredelemnul_forgotten_temple_becter
D:4:      layout_gridville, serial_co_window_serial, co_window_paths_a,
          co_window_of_opportunity_a, co_window_corner_a, co_window_paths_a,
          co_window_paths_b, co_window_of_opportunity_a,
          co_window_of_opportunity_a, co_window_broadway_b,
          co_window_broadway_a, co_window_paths_c, co_window_broadway_c,
          co_window_cross_3, co_window_paths_e, co_window_4corner_b,
          glass_columns_a, glass_columns_c, glass_columns_b, glass_columns_a,
          glass_columns_b
D:5:      layout_cave_pools, item_on_display_a, uniq_duvessa
D:6:      layout_rooms, serial_shops, shop_statue, uniq_grinder
D:8:      layout_rooms, gammafunk_ghost_ooze

Skill      XL: |  1  2  3  4  5  6  7 |
---------------+----------------------+-----
Throwing       | 2 |  2.1
Dodging        | 3 |  3.6
Maces & Flails | 3 4 5 6 |  6.6
Fighting       | 3 4 5 6 |  6.9

Action                   |  1- 3 |  4- 6 |  7- 9 || total
-------------------------+-------+-------+-------++-------
Melee: Flail             |   144 |   187 |   103 ||   434
       Punch             |     2 |     2 |       ||     4
       Tailslap          |       |    12 |    16 ||    28
Throw: Throwing net      |     1 |       |       ||     1
       Javelin           |       |     5 |       ||     5
  Use: Potion            |       |     5 |     2 ||     7
       Scroll            |       |     6 |     2 ||     8
Armor: Leather armour    |    71 |    60 |    45 ||   176
Dodge: Dodged            |   101 |   171 |    89 ||   361
Block: Other             |       |       |    36 ||    36

Table legend: (Time is in decaauts)
 A = Elapsed time spent in this place.
 B = Non-inter-level travel time spent in this place.
 C = Inter-level travel time spent in this place.
 D = Time resting spent in this place.
 E = Time spent auto-exploring this place.
 F = Levels seen in this place.
 G = Mean time per level.
                   A        B        C        D        E       F      G
               +--------+--------+--------+--------+--------+-----+--------+
         Total |   7594 |   7339 |    255 |   1626 |   4372 |   7 | 1084.9 |
       Dungeon |   7594 |   7339 |    255 |   1626 |   4372 |   7 | 1084.9 |
               +--------+--------+--------+--------+--------+-----+--------+

Top non-repeatable levels by time:
     D:4: 2516 daAuts
     D:1: 1643 daAuts
     D:3: 1430 daAuts
     D:2: 760 daAuts
     D:6: 626 daAuts
     D:5: 553 daAuts
     D:8: 64 daAuts
